 Seeded DCSS version 0.30.1-11-g7821555f0a (webtiles) character file.

Game seed: 430007637681659361 (custom seed)

19934 strifetoe the Severer (level 12, -28/112 HPs)
             Began as a Hill Orc Fighter on Nov 9, 2023.
             Was a Believer of Ru.
             Annihilated by an enormous slime creature (68 damage)
             ... on level 13 of the Dungeon.
             The game lasted 00:17:11 (11331 turns).

strifetoe the Severer (Hill Orc Fighter)           Turns: 11331, Time: 00:17:12

Health: -28/112    AC: 38    Str: 24    XL:     12   Next: 74%
Magic:  21/21      EV:  5    Int:  8    God:    Ru [**....]
Gold:   1999       SH:  0    Dex: 19    Spells: 11/11 levels left

rFire   . . .        a - +2 battleaxe (freeze)
rCold   . . .        (shield currently unavailable)
rNeg    . . .        r - +13 crystal plate armour "Digot" {MP+9 Dex+3}
rPois   +            d - +0 helmet
rElec   .            I - +0 cloak {rPois}
rCorr   .            (no gloves)
SInv    .            (no boots)
Will    .....        y - amulet of the acrobat Stlth
                     K - +6 ring of dexterity
HPRegen 0.38/turn    j - ring of flight
MPRegen 0.17/turn

%: acrobat
@: flying
A: no stealth, unskilled 1
a: Renounce Religion


You were on level 13 of the Dungeon.
You worshipped Ru.
Ru was pleased with you.
You visited 1 branch of the dungeon, and saw 14 of its levels.
You also visited: Ossuary.

You collected 1999 gold pieces.

Inventory:

Hand Weapons
 a - a +2 battleaxe of freezing (weapon)
 q - a +5 vampiric executioner's axe
 E - a +5 broad axe of flaming
 M - a +2 broad axe of electrocution
Missiles
 B - 6 throwing nets (quivered)
Armour
 c - a +0 buckler
 d - a +0 helmet (worn)
 r - the +13 crystal plate armour "Digot" (worn) {MP+9 Dex+3}
   (You acquired it on level 2 of the Dungeon)

   Dex:       It affects your dexterity (+3).
   MP:        It affects your magic capacity (+9).
 I - a +0 cloak of poison resistance (worn)
Jewellery
 e - a +6 ring of strength
 j - a ring of flight (right hand)
 y - an amulet of the acrobat (around neck)
 C - a ring of resist corrosion
 K - a +6 ring of dexterity (left hand)
Wands
 b - a wand of iceblast (11)
 i - a wand of paralysis (5)
 n - a wand of flame (55)
Scrolls
 f - 2 scrolls of identify
 l - 2 scrolls of fear
 o - a scroll of fog
 s - a scroll of immolation
 t - 4 scrolls of blinking
 v - 3 scrolls of teleportation
 J - 2 scrolls of amnesia
 L - a scroll of poison
Potions
 g - 14 potions of curing
 h - a potion of berserk rage
 k - 3 potions of cancellation
 m - 5 potions of ambrosia
 p - 2 potions of attraction
 u - a potion of flight {unknown}
 w - 4 potions of heal wounds
 x - a potion of invisibility
 z - 4 potions of might
 A - a potion of magic
 D - a potion of mutation
 F - a potion of resistance
 G - 2 potions of brilliance
 H - 3 potions of haste


   Skills:
 + Level 11.8 Fighting
 - Level 20.5 Axes
 + Level 13.6 Armour
 - Level 3.0 Shields


You had 11 spell levels left.
You didn't know any spells.
Your spell library contained the following spells:

 Spells                   Type           Power      Damage    Failure   Level
 Apportation              Tloc           0%         N/A       100%        1
 Necrotise                Necr           0%         1d4       100%        1
 Sandblast                Erth           0%         2d4       100%        1
 Slow                     Hex            0%         N/A       100%        1
 Summon Small Mammal      Summ           0%         N/A       100%        1
 Call Imp                 Summ           0%         N/A       100%        2
 Ensorcelled Hibernation  Hex/Ice        0%         N/A       100%        2
 Momentum Strike          Conj/Tloc      0%         3d8       100%        2
 Passwall                 Tmut/Erth      0%         N/A       100%        2
 Poisonous Vapours        Pois/Air       0%         N/A       100%        2
 Static Discharge         Conj/Air       0%         2-2/arc   100%        2
 Hailstorm                Conj/Ice       0%         3d3       100%        3
 Mephitic Cloud           Conj/Pois/Air  0%         N/A       100%        3
 Stone Arrow              Conj/Erth      0%         3d7       100%        3
 Swiftness                Air            0%         N/A       100%        3
 Vampiric Draining        Necr           0%         2d6       100%        3
 Volatile Blastmotes      Fire/Tloc      0%         2d10      100%        3
 Animate Dead             Necr           0%         N/A       100%        4
 Fulminant Prism          Conj/Hex       0%         3d5       100%        4
 Ice Form                 Ice/Tmut       0%         N/A       100%        4
 Iskenderun's Mystic Bla  Conj/Tloc      0%         2d3       100%        4
 Petrify                  Tmut/Erth      0%         N/A       100%        4
 Agony                    Necr           0%         N/A       100%        5
 Alistair's Intoxication  Tmut/Pois      0%         N/A       100%        5
 Borgnjor's Vile Clutch   Necr/Erth      0%         N/A       100%        5
 Fireball                 Conj/Fire      0%         3d3       100%        5
 Freezing Cloud           Conj/Ice/Air   0%         6-21      100%        5
 Lee's Rapid Deconstruct  Erth           0%         3d4*      100%        5
 Metabolic Englaciation   Hex/Ice        0%         N/A       100%        5
 Silence                  Hex/Air        0%         N/A       100%        5
 Death Channel            Necr           0%         N/A       100%        6
 Iron Shot                Conj/Erth      0%         9d1       100%        6
 Simulacrum               Ice/Necr       0%         N/A       100%        6
 Starburst                Conj/Fire      0%         6d3       100%        6
 Statue Form              Tmut/Erth      0%         N/A       100%        6
 Haunt                    Necr/Summ      0%         N/A       100%        7
 Infestation              Necr           0%         N/A       100%        8


Dungeon Overview and Level Annotations

Branches:
Dungeon (14/15)            Temple (0/1) D:4            Lair (0/5) D:8
    Orc (0/2) D:11        Ossuary (visited)
 Vaults: D:13-14

Altars:
Ashenzari
Dithmenos
Hepliaklqana
Kikubaaqudgha
Nemelex Xobeh
Okawaru
Ru
Trog
Vehumet
Wu Jian
Yredelemnul

Shops:
D:6 !


Innate Abilities, Weirdness & Mutations

You cannot be stealthy.
You are somewhat unskilled. (-1 Apt)


Message History

You slice the large slime creature!! You freeze the large slime creature.
The large slime creature is moderately wounded.
You barely miss the slime creature. You slash the large slime creature!
You freeze the large slime creature.
The large slime creature is heavily wounded.
You slash the slime creature! You freeze the slime creature!
Two slime creatures merge to form a very large slime creature.
The slime creature hits you but does no damage.
Two slime creatures merge to form an enormous slime creature.
You slice the slime creature!! You freeze the slime creature!
You kill the slime creature!
You slice the enormous slime creature!! You freeze the enormous slime creature.
The enormous slime creature hits you but does no damage.
You slash the enormous slime creature! You freeze the enormous slime creature.
The enormous slime creature is moderately wounded.
Two slime creatures merge to form a large slime creature.
The enormous slime creature hits you but does no damage.
You slice the enormous slime creature!! You freeze the enormous slime creature.
The enormous slime creature is heavily wounded.
You slash the large slime creature! You freeze the large slime creature.
You slice the enormous slime creature!! You freeze the enormous slime creature!
The enormous slime creature is severely wounded.
You slash the large slime creature! You freeze the large slime creature.
The enormous slime creature hits you!!!
Ouch! That really hurt!
You are too injured to fight recklessly!
You are too injured to fight recklessly!
You are too injured to fight recklessly!
You are too injured to fight recklessly!
You are too injured to fight recklessly!
You are too injured to fight recklessly!
You are too injured to fight recklessly!
You are too injured to fight recklessly!
Unknown command.
You slice the enormous slime creature!! You freeze the enormous slime creature!
The enormous slime creature is almost dead.
You slash the large slime creature! You freeze the large slime creature.
The enormous slime creature hits you!!!
Ouch! That really hurt!
You die...

#..# #..#
#..# #..#
#..# .# #.J#
#.# ....
#JJ# #.#
#.... #.@#
#.# #....
#..# #.#
#.... #..#
#.# .# #....
#..###.# #.#
#....
#......# #.#
#....
#......###.#
#....
#..........#
#....
#..........#
#....
#..........#
#....


You could see an enormous slime creature, a large slime creature and a slime
creature.

Vanquished Creatures
  A centaur warrior (D:8)
  A boulder beetle (D:11)
  5 death yaks (D:8)
  2 two-headed ogres
  A skeletal warrior (D:8)
  2 ugly things
  2 gargoyles
  2 kobold demonologists
  A freezing wraith (D:14)
  2 komodo dragons
  An efreet (D:14)
  4 trolls
  Prince Ribbit (D:7)
  A dream sheep (D:10)
  2 slime creatures
  2 shadows
  19 yaks
  2 steam dragons
  7 vampire mosquitoes
  Menkaure (D:6)
  3 water moccasins
  3 acid dragons
  Duvessa (D:4)
  An ice beast (D:7)
  2 hornet zombies (Ossuary)
  4 sky beasts
  An ogre (D:5)
  2 orc warriors
  4 centaurs
  3 kobold brigands
  Blork the orc (D:6)
  7 bullfrogs
  A water moccasin zombie (Ossuary)
  13 wights
  Dowan (D:4)
  5 howler monkeys
  3 centaur zombies (Ossuary)
  7 bullfrog zombies (Ossuary)
  A jelly (D:7)
  6 orc priests
  4 hounds
  Crazy Yiuf (D:5)
  A gnoll bouda (D:5)
  13 mummies (Ossuary)
  Terence (D:2)
  3 iguanas
  3 sleepcaps
  10 orc wizards
  3 killer bee zombies (Ossuary)
  A howler monkey zombie (Ossuary)
  Robin (D:4)
  8 adders
  12 gnolls
  2 white imps
  An ufetubus (D:5)
  3 worms
  4 dart slugs
  33 orcs
  6 endoplasms
  8 giant cockroaches
  15 goblins
  13 hobgoblins
  5 jackals
  5 quokkas
  12 ball pythons
  10 bats
  A frilled lizard (D:1)
  18 kobolds
  5 rats
330 creatures vanquished.

Vanquished Creatures (others)
  A wyvern (D:7)
  A water moccasin (D:8)
  A wight (D:8)
  An orc wizard (D:6)
4 creatures vanquished.

Grand Total: 334 creatures vanquished

Notes
Turn   | Place    | Note
-------+----------+-------------------------------------------
     0 | D:1      | strifetoe the Hill Orc Fighter began the quest for the Orb.
     0 | D:1      | Reached XP level 1. HP: 19/19 MP: 1/1
    47 | D:1      | Reached skill level 3 in Axes
   101 | D:1      | Reached XP level 2. HP: 25/26 MP: 2/2
   230 | D:1      | Reached skill level 4 in Axes
   493 | D:1      | Reached XP level 3. HP: 29/31 MP: 3/3
   793 | D:2      | Noticed Terence
   807 | D:2      | Reached skill level 5 in Axes
   810 | D:2      | Killed Terence
   811 | D:2      | Reached XP level 4. HP: 22/39 MP: 4/4
   909 | D:2      | Found an ancient bone altar of Kikubaaqudgha.
  1021 | D:2      | Reached skill level 6 in Axes
  1195 | D:2      | Found a faded altar of an unknown god.
  1254 | D:2      | Prayed at the altar of an unknown god.
  1254 | D:2      | Became a worshipper of Ru the Awakened
  1256 | D:2      | Identified 4 scrolls of acquirement
  1256 | D:2      | Acquired a manual of Axes
  1257 | D:2      | Acquired 1197 gold pieces
  1258 | D:2      | Acquired a +5 vampiric executioner's axe
  1259 | D:2      | Acquired the +13 crystal plate armour "Digot" {MP+9 Dex+3}
  1413 | D:3      | Found a bloodstained altar of Trog.
  1413 | D:3      | Found an ornate altar of the Wu Jian Council.
  1537 | D:3      | Reached skill level 7 in Axes
  1537 | D:3      | Reached XP level 5. HP: 45/45 MP: 5/5
  1550 | D:3      | Found a basalt altar of Yredelemnul.
  1659 | D:3      | Reached skill level 8 in Axes
  1831 | D:3      | Gained mutation: You are somewhat unskilled. (-1 Apt) [Ru
                  | sacrifice]
  1831 | D:3      | Reduced skill Axes to level 7
  1831 | D:3      | Reached * piety under Ru
  1923 | D:3      | Reached skill level 8 in Axes
  2159 | D:3      | Reached XP level 6. HP: 35/51 MP: 6/6
  2328 | D:3      | Found a sparkling altar of Nemelex Xobeh.
  2474 | D:4      | Reached skill level 9 in Axes
  2600 | D:4      | Found a staircase to the Ecumenical Temple.
  2646 | D:4      | Noticed Duvessa
  2660 | D:4      | Killed Duvessa
  2660 | D:4      | Noticed Dowan
  2661 | D:4      | Reached skill level 10 in Axes
  2671 | D:4      | Killed Dowan
  2672 | D:4      | Reached XP level 7. HP: 44/57 MP: 7/7
  2776 | D:4      | Reached skill level 11 in Axes
  2931 | D:4      | Got the Tome of Luminous Command
  2943 | D:4      | Noticed Robin
  2968 | D:4      | Killed Robin
  3177 | D:4      | Reached skill level 12 in Axes
  3397 | D:5      | Entered Level 5 of the Dungeon
  3399 | D:5      | Noticed a shadow
  3405 | D:5      | Noticed a steam dragon
  3446 | D:4      | Killed a shadow
  3447 | D:4      | Reached skill level 13 in Axes
  3547 | D:4      | Killed a steam dragon
  3548 | D:4      | Reached skill level 14 in Axes
  3548 | D:4      | Reached XP level 8. HP: 29/63 MP: 8/8
  3785 | D:5      | Reached skill level 15 in Axes
  4352 | D:5      | Found a runed translucent door.
  4353 | D:5      | Noticed Crazy Yiuf
  4783 | D:5      | Killed Crazy Yiuf
  4922 | D:6      | Reached skill level 16 in Axes
  4992 | D:6      | Reached skill level 17 in Axes
  5022 | D:6      | Reached XP level 9. HP: 56/70 MP: 9/9
  5070 | D:6      | Found a broken altar of Ashenzari.
  5100 | D:6      | Noticed Blork the orc
  5111 | D:6      | Killed Blork the orc
  5219 | D:6      | Noticed Menkaure
  5228 | D:6      | Killed Menkaure
  5229 | D:6      | Reached skill level 18 in Axes
  5432 | D:6      | Found Ybrut's Distillery.
  5576 | D:7      | Noticed Prince Ribbit
  5593 | D:7      | Killed Prince Ribbit
  5771 | D:7      | Reached skill level 19 in Axes
  5838 | D:7      | Reached XP level 10. HP: 56/77 MP: 10/10
  6284 | D:7      | Found a hazy altar of Hepliaklqana.
  6490 | D:7      | Found a shadowy altar of Dithmenos.
  6624 | D:8      | Found a sand-covered staircase.
  6631 | Ossuary  | Entered an ossuary
  6707 | Ossuary  | Reached skill level 20 in Axes
  7041 | Ossuary  | Acquired a manual of Armour
  7043 | Ossuary  | Acquired a +4 heavy broad axe
  7136 | D:8      | Reached skill level 5 in Armour
  7317 | D:8      | Noticed a death yak
  7323 | D:8      | Noticed a death yak
  7325 | D:8      | Noticed a death yak
  7326 | D:8      | Killed a death yak
  7327 | D:8      | Reached skill level 5 in Fighting
  7345 | D:8      | Noticed a death yak
  7348 | D:8      | Killed a death yak
  7348 | D:8      | Noticed a death yak
  7349 | D:8      | Reached XP level 11. HP: 52/91 MP: 11/11
  7351 | D:8      | Killed a death yak
  7354 | D:8      | Killed a death yak
  7365 | D:8      | Killed a death yak
  7661 | D:8      | Found a staircase to the Lair.
  8085 | D:8      | Reached skill level 10 in Armour
  8249 | D:8      | Noticed a centaur warrior
  8250 | D:8      | Noticed a cyan ugly thing
  8250 | D:8      | Noticed a skeletal warrior
  8257 | D:8      | Killed a centaur warrior
  8266 | D:8      | Killed a cyan ugly thing
  8278 | D:8      | Killed a skeletal warrior
  8313 | D:8      | Got the Almanac of Doom and the Volley
  8318 | D:8      | Identified the +0 shadow dragon scales "Majy" {rElec Regen+
                  | Str+3 Dex+3 Stlth++++}
  8320 | D:8      | Got the Incunable of the Coarse Evil Eye
  8728 | D:9      | Reached XP level 12. HP: 106/106 MP: 12/12
  9405 | D:10     | Entered Level 10 of the Dungeon
  9420 | D:10     | Found a radiant altar of Vehumet.
  9630 | D:10     | Reached skill level 10 in Fighting
  9681 | D:10     | Found an iron altar of Okawaru.
  9800 | D:10     | Noticed a two-headed ogre
  9807 | D:10     | Killed a two-headed ogre
 10334 | D:11     | Noticed a boulder beetle
 10336 | D:11     | Found a staircase to the Orcish Mines.
 10354 | D:11     | Killed a boulder beetle
 10355 | D:11     | Gained mutation: You cannot be stealthy. [Ru sacrifice]
 10355 | D:11     | Reached ** piety under Ru
 10441 | D:11     | Identified the +5 great mace "Spiderslayer" {venom, rPois
                  | Str+2}
 10896 | D:12     | You are sucked into a shaft and drop 2 floors!
 11115 | D:13     | Noticed a two-headed ogre
 11129 | D:13     | Killed a two-headed ogre
 11331 | D:13     | Annihilated by an enormous slime creature

Illustrated notes

Levels and vault maps discovered:
D:1:      wander_arrival_chamber, layout_basic, kennysheep_boxes
D:2:      layout_rooms, dilly_ecumenical_altar_fadedgnrine, basic_altar,
          uniq_terence
D:3:      layout_basic, mainiacjoe_overflow_swirl, jmf_multi_god_temple,
          minmay_puff
D:4:      layout_loops_corners, minmay_temple_entry_junction_2,
          minmay_joined_circles, uniq_robin, uniq_duvessa
D:5:      layout_layer_cave, uniq_crazy_yiuf_cottage
D:6:      layout_rooms, mainiacjoe_overflow_catwalk, serial_shops,
          nicolae_shop_statue_plus, serial_park_tiny_1, uniq_blork_the_orc,
          uniq_menkaure
D:7:      layout_loops_cross, mainiacjoe_overflow_surrounded_room,
          mainiacjoe_overflow_alcove_4, uniq_prince_ribbit1
D:8:      minmay_the_grid_triangle_9x9_rhombus_full
          [minmay_the_grid_triangle_9x9_zippers_horizontal,
          minmay_the_grid_triangle_9x9_descending_squares,
          minmay_the_grid_triangle_9x9_wacky_v,
          minmay_the_grid_triangle_9x9_corruption,
          minmay_the_grid_triangle_9x9_negative_grid,
          minmay_the_grid_triangle_9x9_zippers_vertical,
          minmay_the_grid_triangle_9x9_limited_checkers,
          minmay_the_grid_triangle_9x9_prize_insulated], layout_loops_corners,
          dpeg_lair_monsters, enter_ossuary_2
D:9:      cheibrodos_elevator_heist, layout_basic
D:10:     layout_roguey, mainiacjoe_overflow_alcove_1,
          mainiacjoe_overflow_24_doors, dreamdust_gnoll_shepherd
D:11:     layout_long_grid, orc_david_3
D:12:     layout_irregular_city, uniq_maurice
D:13:     layout_long_grid, erik_vaults_2
D:14:     layout_loops_cross, evilmike_ruin_ashenzari, hangedman_corner_corridor

Skill      XL: |  1  2  3  4  5  6  7  8  9 10 11 12 |
---------------+-------------------------------------+-----
Axes           | 3 4 5 7 8 10 14 17 19 20 | 20.5
Fighting       | 6 9 11 | 11.8
Armour         | 7 12 13 | 13.6
Shields        | |  3.0

Action                     |  1- 3 |  4- 6 |  7- 9 | 10-12 || total
---------------------------+-------+-------+-------+-------++-------
  Melee: War axe           |   105 |   196 |   290 |   230 ||   821
         Broad axe         |       |       |       |   145 ||   145
         Battleaxe         |       |       |       |   159 ||   159
 Invoke: Sacrifice Skill   |       |     1 |       |       ||     1
         Sacrifice Stealth |       |       |       |     1 ||     1
    Use: Potion            |     1 |       |       |       ||     1
         Scroll            |       |     4 |    11 |    19 ||    34
   Stab: Distracted        |       |       |       |     1 ||     1
 Armour: Scale mail        |    40 |    17 |       |       ||    57
         Crystal plate arm |       |   122 |   218 |   329 ||   669
  Dodge: Dodged            |    53 |    52 |    49 |   100 ||   254
  Block: Buckler           |    22 |    42 |    46 |    63 ||   173
